 Dungeon Crawl Stone Soup version 0.29.1-15-g9cfb28693d (webtiles) character file.

Game seed: 9092950676454705272

29 growler the Slasher (level 3, -1/27 HPs)
             Began as a Demonspawn Gladiator on Mar 17, 2023.
             Killed by divine providence
             ... invoked by an orc priest
              (10 damage)
             ... on level 2 of the Dungeon.
             The game lasted 00:01:46 (1289 turns).

growler the Slasher (Demonspawn Gladiator)          Turns: 1289, Time: 00:01:46

Health: -1/27      AC:  4    Str: 14    XL:     3   Next: 1%
Magic:  3/3        EV: 12    Int: 11    God:
Gold:   70         SH:  0    Dex: 14    Spells: 2/2 levels left

rFire   . . .      SeeInvis .   a - +0 long sword
rCold   . . .      Faith    .   (no shield)
rNeg    . . .      Spirit   .   b - +0 leather armour
rPois   .          Reflect  .   c - +0 helmet
rElec   .          Harm     .   (no cloak)
rCorr   .          Rampage  .   (no gloves)
Will    .....                   (no boots)
Stlth   +.........              (no amulet)
HPRegen 0.09/turn               (no ring)
MPRegen 0.08/turn               (no ring)

@: confused
A: spiny 1
a: no special abilities


You were on level 2 of the Dungeon.
You visited 1 branch of the dungeon, and saw 2 of its levels.

You collected 70 gold pieces.

Inventory:

Hand Weapons
 a - a +0 long sword (weapon)
Missiles
 d - 3 throwing nets (quivered)
 e - a javelin
Armour
 b - a +0 leather armour (worn)
 c - a +0 helmet (worn)
Jewellery
 l - a ring of magical power
Scrolls
 f - 2 scrolls of immolation {unknown}
 g - a scroll of fear {unknown}
 h - a scroll of enchant weapon {unknown}
 i - a scroll of identify {unknown}
 k - a scroll of noise {unknown}
Potions
 j - 2 potions of heal wounds {unknown}


   Skills:
 - Level 2.0 Fighting
 + Level 3.8 Long Blades
 - Level 1.7 Throwing
 - Level 2.6 Dodging


You had 2 spell levels left.
You didn't know any spells.
Your spell library was empty.

Dungeon Overview and Level Annotations

Branches:
Dungeon (2/15)

Altars:

Shops:
D:1 [


Innate Abilities, Weirdness & Mutations

You are partially covered in sharp spines.


Message History

You kill the quokka!
You have reached level 3!
Your experience leads to an increase in your attributes!
Increase (S)trength, (I)ntelligence, or (D)exterity?
You feel clever. x2
No target in view!
No target in view!
An orc wizard is nearby!
The orc wizard casts a spell at you.
You are confused.
You are too confused!
You are too confused!
Unknown command.
An orc comes into view. It is wielding a +0 whip.
An orc priest comes into view. It is wielding a +0 whip.
Things that are here:
a +0 dagger; 3 stones; a kobold corpse You feel less confused.
The orc wizard points at you and mumbles some strange words.
You resist with significant effort.
The orc wizard gestures at you while chanting.
You are confused.
You bump into the rock wall.
You bump into the rock wall.
You bump into the rock wall.
You're too confused to move!
The orc wizard gestures at you while chanting.
You are more confused.
An orc comes into view. It is wielding a +0 hand axe.
You see here a +0 flail.
You see here a +0 flail.
You closely miss the orc.
The orc wizard gestures at you while chanting.
The puff of flame hits you!
You're too confused to move!
The orc priest shouts!
The orc hits you with a +0 whip.
The orc priest invokes the aid of Beogh against you.
Beogh smites you!
You die...

.........).##
...#######o# #.# #..#
#..## #.## #..####.#
###### ###.....o#
##.... #......o## ....#
#....o..#### ....#
######....@.....# ....#
#....')....>....#
....###.####..........#
.#......# #.......####
.+.#.#### #.......#
.###... ######### .#
##### .# .#


You could see an orc priest, an orc wizard and 2 orcs.

Vanquished Creatures
  3 endoplasms
  3 giant cockroaches (D:1)
  7 goblins
  A hobgoblin (D:1)
  2 quokkas
  3 ball pythons (D:1)
  2 bats (D:1)
  2 kobolds
  2 rats (D:1)
25 creatures vanquished.

Notes
Turn   | Place    | Note
-------+----------+-------------------------------------------
     0 | D:1      | growler the Demonspawn Gladiator began the quest for the
                  | Orb.
     0 | D:1      | Reached XP level 1. HP: 16/16 MP: 1/1
   143 | D:1      | Found a faded altar of an unknown god.
   271 | D:1      | Reached skill level 3 in Long Blades
   361 | D:1      | Gained mutation: You are partially covered in sharp spines.
                  | [demonic ancestry]
   361 | D:1      | Reached XP level 2. HP: 19/22 MP: 2/2
   728 | D:1      | Found Umeid's Antique Armour Emporium.
  1266 | D:2      | Reached XP level 3. HP: 20/27 MP: 3/3
  1289 | D:2      | Killed from afar by an orc priest

Illustrated notes

Levels and vault maps discovered:
D:1:      dpeg_arrival_concentric_ovals, layout_loops_corners, serial_shops,
          nicolae_shop_statue_plus, shapermc_ecumenical_altar_totnotflames,
          st_stairs_8
D:2:      layout_basic

Skill      XL: |  1 |
---------------+----+-----
Long Blades    | 3 |  3.8
Fighting       | |  2.0
Throwing       | |  1.7
Dodging        | |  2.6

Action                   || total
-------------------------++-------
Melee: Long sword        ||    43
       Punch             ||     1
 Stab: Sleeping          ||     1
Armor: Leather armour    ||     9
Dodge: Dodged            ||    23
